 Dungeon Crawl Stone Soup version 0.31-a0-965-g8a8ce12e04 (webtiles) character file.

Game seed: 14247459511468092655

6267 Shayle the Fighter (level 10, -1/111 HPs)
             Began as an Ogre Hexslinger on Oct 26, 2023.
             Was an Initiate of Ru.
             Slain by a meliai simulacrum (19 damage)
             ... on level 10 of the Dungeon.
             The game lasted 00:53:12 (11567 turns).

Shayle the Fighter (Ogre Hexslinger)               Turns: 11567, Time: 00:53:12

Health: -1/111     AC: 12    Str: 14    XL:     10   Next: 94%
Magic:  14/15      EV: 12    Int: 18    God:    Ru [......]
Gold:   415        SH:  0    Dex: 11    Spells: 7/16 levels left

rFire   . . .        a - +1 sling
rCold   . . .        (no shield)
rNeg    . . .        O - +2 steam dragon scales
rPois   .            (helmet restricted)
rElec   .            (no cloak)
rCorr   .            (gloves unavailable)
SInv    .            (boots unavailable)
Will    .....        (no amulet)
Stlth   +            g - +4 ring of protection
HPRegen 0.38/turn    p - ring of wizardry
MPRegen 0.14/turn

%: wizardry (x1)
@: about to teleport, weak-willed, jinxed
A: large, unfitting armour, tough skin 1
a: Renounce Religion, Sacrifice Durability, Sacrifice Nimbleness, Sacrifice
Artifice, Reject Sacrifices


You were on level 10 of the Dungeon.
You worshipped Ru.
Ru was noncommittal.
You visited 2 branches of the dungeon, and saw 11 of its levels.
You also visited: Ossuary.

You collected 525 gold pieces.
You spent 110 gold pieces at shops.

Inventory:

Hand Weapons
 a - a +1 sling (weapon)
 D - a +4 short sword
 H - the +1 short sword "Reajaacw" {spect, Will+ Str+5}
   (You found it on level 6 of the Dungeon)

   Str+5:     It affects your strength (+5).
   Will+:     It increases your willpower.
 J - a +3 trident
 Q - a +2 short sword of draining
Missiles
 N - a throwing net
Armour
 c - a +0 robe
 C - a +0 troll leather armour
 O - +2 steam dragon scales (worn)
Jewellery
 g - a +4 ring of protection (left hand)
 h - a ring of ice
 m - an amulet of faith
 p - a ring of wizardry (right hand)
 M - the ring of the Peasants {Fly Will++}
   (You found it on level 7 of the Dungeon)

   [ring of flight]

   Will++:    It greatly increases your willpower.
   Fly:       It grants you flight.
 P - an amulet of magic regeneration
Talismans
 A - the serpent talisman of Laiqal {Int+6}
   (You found it on level 9 of the Dungeon)

   [serpent talisman]

   Int+6:     It affects your intelligence (+6).
Wands
 t - a wand of mindburst (2)
 u - a wand of flame (9)
 z - a wand of iceblast (11)
 I - a wand of charming (7)
 K - a wand of polymorph (2)
Scrolls
 b - 2 scrolls of poison
 d - 3 scrolls of noise
 i - a scroll of fear
 j - 2 scrolls of enchant weapon
 l - 5 scrolls of teleportation
 n - a scroll of fog
 q - 3 scrolls of identify
 y - a scroll of immolation
 F - a scroll of blinking {unknown}
Potions
 e - 4 potions of heal wounds
 f - a potion of degeneration {unknown}
 k - 5 potions of enlightenment
 o - 3 potions of curing
 r - 3 potions of might {unknown}
 s - 2 potions of berserk rage {unknown}
 v - a potion of ambrosia {unknown}
 w - 3 potions of attraction {unknown}
 x - a potion of resistance {unknown}
 B - 3 potions of brilliance {unknown}
 E - a potion of lignification {unknown}
 G - 4 potions of cancellation {unknown}
 L - a potion of haste {unknown}


   Skills:
 + Level 10.8 Fighting
 - Level 5.9 Ranged Weapons
 + Level 7.7 Dodging
 + Level 3.5 Spellcasting
 - Level 7.0 Hexes
 - Level 0.8 Fire Magic
 + Level 2.5 Shapeshifting


You had 7 spell levels left.
You knew the following spells:

 Your Spells              Type           Power      Damage    Failure   Level
a - Jinxbite              Hex            56%        N/A       1%          2
b - Inner Flame           Hex/Fire       17%        N/A       3%          3
c - Cause Fear            Hex            14%        N/A       3%          4

Your spell library contained the following spells:

 Spells                   Type           Power      Damage    Failure   Level
 Sigil of Binding         Hex            28%        N/A       1%          3
 Summon Guardian Golem    Hex/Summ       15%        N/A       4%          3
 Apportation              Tloc           6%         N/A       6%          1
 Necrotise                Necr           12%        1d4       6%          1
 Shock                    Conj/Air       12%        1d3       6%          1
 Summon Small Mammal      Summ           12%        N/A       6%          1
 Dimensional Bullseye     Hex/Tloc       7%         N/A       16%         4
 Call Canine Familiar     Summ           3%         N/A       19%         3
 Swiftness                Air            3%         N/A       19%         3
 Airstrike                Air            1%         2d(1-17)  50%         4
 Animate Dead             Necr           3%         N/A       50%         4
 Borgnjor's Vile Clutch   Necr/Erth      1%         N/A       83%         5
 Iskenderun's Battlesphe  Conj           3%         2d6       83%         5
 Bombard                  Conj/Erth      1%         9d1       100%        6
 Death Channel            Necr           1%         N/A       100%        6
 Spellforged Servitor     Conj/Summ      1%         N/A       100%        7


Dungeon Overview and Level Annotations

Branches:
Dungeon (10/15)            Temple (1/1) D:4         Ossuary (visited)
   Lair: D:8-11         Orc: D:9-12

Altars:
Ashenzari
Cheibriados
Dithmenos
Elyvilon
Fedhas
Gozag
Hepliaklqana
Kikubaaqudgha
Makhleb
Nemelex Xobeh
Okawaru
Qazlal
Ru
Sif Muna
Trog
Uskayaw
Vehumet
Wu Jian
Xom
Yredelemnul
Zin
The Shining One

Shops:
D:2 ?   D:10 *

Annotations:
D:1 1 runed translucent door
D:3 2 transporters
D:5 3 runed translucent doors, pokeman's ghost, amateur DEHW


Innate Abilities, Weirdness & Mutations

You are too large for most types of armour.
You have tough skin. (AC +1)


Message History

You hear a shout!
The howler monkey hoots and howls with incredible vigour!
You hear a shout!
Okay, then.
The howler monkey hoots and howls with incredible vigour!
You hear a shout!
Found a book of Flames.
The howler monkey hoots and howls with incredible vigour!
Casting: Jinxbite (safe; 1% risk of failure)
Confirm with . or Enter, or press ? or * to list all spells.
You beckon some vexing sprites to accompany your attacks.
You feel your willpower being sapped. The howler monkey hits you.
You shoot a sling bullet.
The sling bullet closely misses the howler monkey.
A giggling sprite leaps out and doodles on the howler monkey's face.
The howler monkey is moderately wounded.
The howler monkey closely misses you.
You shoot a sling bullet.
The sling bullet barely misses the howler monkey.
A giggling sprite leaps out and doodles on the howler monkey's face.
The howler monkey is moderately wounded.
The howler monkey completely misses you.
You shoot a sling bullet.
The sling bullet completely misses the howler monkey.
The sling bullet closely misses the wraith.
A giggling sprite leaps out and doodles on the howler monkey's face.
The howler monkey is severely wounded.
The howler monkey barely misses you.
You shoot a sling bullet. The sling bullet hits the wraith.
The wraith is heavily damaged.
As you read the scroll of teleportation, it crumbles to dust.
You feel strangely unstable.
The meliai simulacrum barely misses you.
The meliai simulacrum hits you. The meliai simulacrum freezes you!!
* * * LOW HITPOINT WARNING * * *
The wraith hits you but does no damage. The meliai simulacrum misses you.
The meliai simulacrum hits you.
* * * LOW HITPOINT WARNING * * *
The meliai simulacrum freezes you!!
You die...

.. .. #. #.# #..
#. # #.. ##.. .
##..########....
#
#:.Z@Wh..#....##
......###......#
.##. ####.
##......###... #
#.............
##...W.....##
##.......##
##......#
##.....# #.
####..#


You could see a wraith, a howler monkey (very drained) and a meliai simulacrum.

Vanquished Creatures
  Josephine (D:10)
  An unseen horror (D:10)
  2 trolls (D:10)
  A steam dragon (D:7)
  3 vampire mosquitoes (D:7)
  2 orc warriors
  3 ice beasts
  3 ogres
  2 sky beasts (D:7)
  A black bear (D:7)
  A centaur (D:6)
  2 phantoms
  3 bullfrogs
  5 elf zombies (Ossuary)
  A kobold brigand (D:7)
  Blork the orc (D:4)
  A gnoll sergeant (D:7)
  2 scorpions (D:5)
  13 wights
  2 electric eels (D:8)
  A howler monkey (D:8)
  3 centaur zombies (Ossuary)
  4 human zombies (Ossuary)
  4 hounds
  2 jellies
  5 orc priests
  A gnoll bouda (D:8)
  A sleepcap (D:4)
  Ijyb (D:4)
  2 iguanas
  6 orc wizards
  3 mummies (Ossuary)
  Robin (D:4)
  14 gnolls
  11 adders
  A shadow imp (D:6)
  A white imp (D:7)
  4 ufetubi
  4 worms (D:2)
  3 dart slugs
  28 orcs
  10 ball pythons
  7 bats
  9 endoplasms
  5 giant cockroaches
  9 hobgoblins
  9 jackals
  15 kobolds
  6 quokkas
  3 frilled lizards
  10 goblins
  A goblin zombie (D:8)
  5 rats
239 creatures vanquished.

Vanquished Creatures (collateral kills)
  2 wraiths (D:10)
2 creatures vanquished.

Vanquished Creatures (others)
  2 steam dragons (D:10)
  A gnoll (D:7)
  A quokka zombie (D:8)
4 creatures vanquished.

Grand Total: 245 creatures vanquished

Notes
Turn   | Place    | Note
-------+----------+-------------------------------------------
     0 | D:1      | Shayle the Ogre Hexslinger began the quest for the Orb.
     0 | D:1      | Reached XP level 1. HP: 19/19 MP: 2/2
     1 | D:1      | Found a runed translucent door.
    57 | D:1      | Reached XP level 2. HP: 27/28 MP: 3/3
    63 | D:1      | Reached skill level 2 in Fighting
   423 | D:1      | Reached XP level 3. HP: 33/36 MP: 4/4
   598 | D:1      | Learned a level 2 spell: Jinxbite
   832 | D:2      | Reached skill level 3 in Fighting
  1107 | D:2      | Reached XP level 4. HP: 45/45 MP: 5/5
  1570 | D:2      | Found Odapips's Magic Scroll Shop.
  1598 | D:2      | Bought a scroll of teleportation for 30 gold pieces
  1598 | D:2      | Bought a scroll of identify for 20 gold pieces
  1598 | D:2      | Bought a scroll of fear for 40 gold pieces
  1598 | D:2      | Bought a scroll of identify for 20 gold pieces
  1733 | D:2      | Learned a level 3 spell: Inner Flame
  1859 | D:3      | Identified the "Uvvajan"
  1869 | D:3      | Reached XP level 5. HP: 54/54 MP: 6/6
  1936 | D:3      | Found a transporter.
  1982 | D:3      | Found a transporter.
  2027 | D:3      | Found a shimmering altar of Xom.
  2043 | D:3      | Found a hide-covered altar of Uskayaw.
  2432 | D:4      | Reached skill level 4 in Fighting
  2449 | D:4      | Found a staircase to the Ecumenical Temple.
  2785 | D:4      | Reached XP level 6. HP: 63/63 MP: 4/7
  2830 | D:4      | Identified the +5 scale mail of the Dice {rPois Int-3
                  | Dex+2}
  2840 | D:4      | Noticed Blork the orc
  2851 | D:4      | Killed Blork the orc
  2994 | D:4      | Noticed Ijyb
  3026 | D:4      | Reached skill level 5 in Fighting
  3197 | D:4      | Killed Ijyb
  3211 | D:4      | Reached XP level 7. HP: 69/72 MP: 4/8
  3335 | D:4      | Noticed Robin
  3345 | D:5      | Entered Level 5 of the Dungeon
  3600 | D:5      | Found a runed translucent gate.
  3600 | D:5      | Found a runed translucent gate.
  3600 | D:5      | Found a runed translucent gate.
  3603 | D:5      | Noticed pokeman's ghost (amateur DEHW)
  3909 | D:5      | Found an ornate altar of the Wu Jian Council.
  4180 | D:6      | Reached skill level 6 in Fighting
  4368 | D:6      | Reached XP level 8. HP: 69/83 MP: 4/9
  4823 | D:6      | Identified the +1 short sword "Reajaacw" {spect, Will+
                  | Str+5}
  4831 | D:6      | Found a broken altar of Ashenzari.
  5065 | D:5      | Reached skill level 5 in Dodging
  5212 | D:6      | Reached skill level 7 in Fighting
  5332 | D:6      | Reached skill level 5 in Hexes
  6002 | D:5      | Reached XP level 9. HP: 51/90 MP: 7/10
  6369 | D:4      | Killed Robin
  6503 | Temple   | Entered the Ecumenical Temple
  6520 | Temple   | Became a worshipper of Ru the Awakened
  7096 | D:7      | Identified the ring of the Peasants {Fly Will++}
  7373 | D:6      | Reached skill level 8 in Fighting
  7728 | D:7      | Found a white marble altar of Elyvilon.
  7921 | D:7      | Reached skill level 5 in Ranged Weapons
  7975 | D:7      | Found a blossoming altar of Fedhas.
  8475 | D:6      | Learned a level 4 spell: Cause Fear
  8884 | D:7      | Reached skill level 9 in Fighting
  9339 | D:8      | Reached XP level 10. HP: 96/107 MP: 11/11
  9410 | D:8      | Found a sand-covered staircase.
  9424 | Ossuary  | Entered an ossuary
 10219 | D:8      | Found a shimmering blue altar of Sif Muna.
 10454 | D:8      | Reached skill level 10 in Fighting
 10930 | D:9      | Identified the serpent talisman of Laiqal {Int+6}
 10996 | D:10     | Entered Level 10 of the Dungeon
 11085 | D:10     | Killed an unseen horror
 11265 | D:10     | Reached skill level 1 in Shapeshifting
 11368 | D:10     | Found Lebracyrrui's General Store.
 11384 | D:10     | Noticed Josephine
 11527 | D:10     | Killed Josephine
 11567 | D:10     | Slain by a meliai simulacrum

Illustrated notes

Levels and vault maps discovered:
D:1:      dpeg_arrival_caged_fury, layout_basic, minmay_3d_cube
D:2:      layout_basic, serial_shops, shop, minmay_gold_behind_fungi
D:3:      gammafunk_steamed_eel, layout_rooms, general_overflow_altar,
          mainiacjoe_overflow_alcove_4
D:4:      layout_loops_cross, minmay_temple_entry_proselytizer, uniq_robin,
          uniq_ijyb, uniq_blork_the_orc
D:5:      layout_cave_pools, overflow_temple_1_default,
          ebering_ghost_rock_garden, wad_floor_pattern_2
D:6:      layout_loops_ring, nicolae_ashenzari_panopticon
D:7:      layout_basic, elyvilon_altar_1, fedhas_altar_fruit_tree,
          serial_rivers, chequers_serial_rivers_room_a,
          chequers_serial_rivers_marsh, chequers_serial_rivers_large_a,
          chequers_serial_rivers_micro_e, grunt_decor_resistance,
          ebering_dispersal_statue_hall, dreamdust_gnoll_farm
D:8:      layout_cave_pools, nicolae_sif_muna_condensation, enter_ossuary_4,
          serial_bayou_pond_a
D:9:      layout_basic
D:10:     minmay_distorted_concentric_squares, layout_cave_pods, orc_0_dummy,
          serial_shops, shop, uniq_josephine, uniq_erica
Temple:   eino_wide_crystal_templ

Skill      XL: |  1  2  3  4  5  6  7  8  9 10 |
---------------+-------------------------------+-----
Dodging        | 2 3 4 5 6 7 |  7.7
Fighting       | 2 3 4 5 6 7 9 10 | 10.8
Ranged Weapons | 2 3 4 5 |  5.9
Hexes          | 3 4 5 6 7 |  7.0
Spellcasting   | 3 |  3.5
Shapeshifting  | 2 |  2.5
Fire Magic     | |  0.8

Action                     |  1- 3 |  4- 6 |  7- 9 | 10-12 || total
---------------------------+-------+-------+-------+-------++-------
  Melee: Sling             |       |     9 |     1 |       ||    10
         Short sword       |       |       |   261 |       ||   261
         Punch             |       |       |     4 |       ||     4
         Unarmed           |       |       |    91 |       ||    91
   Fire: Sling             |   156 |   208 |   158 |   250 ||   772
   Cast: Jinxbite          |     1 |    21 |    65 |    46 ||   133
  Evoke: Wand              |       |     1 |    33 |    28 ||    62
    Use: Scroll            |       |     2 |    13 |     4 ||    19
         Potion            |       |     1 |     2 |       ||     3
   Stab: Sleeping          |       |       |     1 |       ||     1
 Armour: Robe              |    85 |   108 |   361 |       ||   554
         Steam dragon scal |       |       |   163 |   260 ||   423
  Dodge: Dodged            |    70 |    61 |   378 |   196 ||   705

Table legend: (Time is in decaauts)
 A = Elapsed time spent in this place.
 B = Non-inter-level travel time spent in this place.
 C = Inter-level travel time spent in this place.
 D = Time resting spent in this place.
 E = Time spent auto-exploring this place.
 F = Levels seen in this place.
 G = Mean time per level.
                   A        B        C        D        E       F      G
               +--------+--------+--------+--------+--------+-----+--------+
         Total |  11769 |  11339 |    430 |   2997 |   5077 |  12 |  980.8 |
       Dungeon |  11123 |  10707 |    416 |   2718 |   4998 |  10 | 1112.3 |
        Temple |     32 |     18 |     14 |      0 |      0 |   1 |   32.0 |
       Ossuary |    612 |    612 |      0 |    279 |     79 |   1 |  612.0 |
               +--------+--------+--------+--------+--------+-----+--------+

Top non-repeatable levels by time:
     D:6: 2531 daAuts
     D:7: 1681 daAuts
     D:5: 1290 daAuts
     D:4: 1179 daAuts
     D:2: 1088 daAuts
     D:3: 866 daAuts
     D:1: 843 daAuts
     D:8: 774 daAuts
 Ossuary: 612 daAuts
    D:10: 587 daAuts
     D:9: 279 daAuts
  Temple: 32 daAuts
